 Dungeon Crawl Stone Soup version 0.25-a0-865-gd392131cc7 (webtiles) character file.

Game seed: 2078056952345211906, levelgen mode: deterministic

58700 Brecoman the Grappler (level 14, -7/113 HPs)
             Began as a Demonspawn Berserker on Apr 29, 2020.
             Was a High Priest of Trog.
             Mangled by an ettin
             ... wielding a +0 dire flail
              (34 damage)
             ... on level 2 of the Orcish Mines.
             The game lasted 00:59:50 (25298 turns).

Brecoman the Grappler (Demonspawn Berserker)       Turns: 25298, Time: 00:59:51

Health: -7/113     AC: 21    Str: 23    XL:     14   Next: 50%
Magic:  17/17      EV: 13    Int:  9    God:    Trog [*****.]
Gold:   1491       SH: 11    Dex: 14    Spells: 13/13 levels left

rFire    . . .     SeeInvis .     - Unarmed
rCold    . . .     Gourm    .   k - +0 kite shield
rNeg     . . .     Faith    +   t - +1 plate armour
rPois    .         Spirit   .   p - +0 helmet
rElec    .         Reflect  .   W - +0 cloak
rCorr    .         Harm     .   (gloves unavailable)
MR       +++..                  m - +2 pair of boots
Stlth    +.........             z - amulet of faith
HPRegen  1.28/turn              P - ring of stealth
MPRegen  0.15/turn              l - +2 ring of strength

@: regenerating, drained
A: claws 3, demonic guardian 1, nightstalker 1, sturdy frame 3
a: Berserk, Trog's Hand, Brothers in Arms, Renounce Religion


You were on level 2 of the Orcish Mines.
You worshipped Trog.
Trog was extremely pleased with you.
You were hungry.

You visited 3 branches of the dungeon, and saw 21 of its levels.
You also visited: Sewer.

You collected 1535 gold pieces.
You spent 44 gold pieces at shops.

Inventory:

Hand Weapons
 a - a +1 hand axe of electrocution
Armour
 k - a +0 kite shield (worn)
 m - a +2 pair of boots (worn)
 p - a +0 helmet (worn)
 t - a +1 plate armour (worn)
 D - +0 swamp dragon scales
 M - +0 ice dragon scales
 W - a +0 cloak (worn)
Jewellery
 l - a +2 ring of strength (right claw)
 z - an amulet of faith (around neck)
 I - an uncursed ring of positive energy
 L - an uncursed ring of protection from magic
 P - a ring of stealth (left claw)
 S - an uncursed ring of ice
 U - an uncursed ring of protection from magic
Wands
 j - a wand of scattershot (2)
 v - a wand of polymorph (12)
 y - a wand of paralysis (50)
 E - a wand of random effects (48)
 R - a wand of digging (6)
Scrolls
 b - a scroll of enchant armour
 d - 8 scrolls of teleportation
 e - 8 scrolls of remove curse
 n - 3 scrolls of vulnerability
 u - 6 scrolls of blinking
 B - 4 scrolls of enchant weapon
 F - 2 scrolls of fog
 K - 4 scrolls of identify
 O - a scroll of fear
 Q - a scroll of summoning {unknown}
Potions
 f - a potion of mutation {unknown}
 g - 3 potions of haste
 h - 3 potions of flight
 i - 3 potions of stabbing
 o - 7 potions of might
 q - 5 potions of curing
 r - 3 potions of magic
 s - 4 potions of lignification
 w - 3 potions of resistance {unknown}
 x - a potion of invisibility {unknown}
 C - a potion of heal wounds
 G - 2 potions of brilliance
 J - 2 potions of degeneration {unknown}
Miscellaneous
 T - a phantom mirror
Comestibles
 c - 36 rations


   Skills:
 + Level 11.3(10.1) Fighting
 - Level 4.0(3.0) Axes
 + Level 10.1(8.9) Armour
 + Level 10.1(9.0) Dodging
 + Level 8.0(6.9) Shields
 * Level 13.2(11.9) Unarmed Combat
 - Level 5.0(3.9) Evocations


You had 13 spell levels left.
You didn't know any spells.
Your spell library was empty.

Dungeon Overview and Level Annotations

Branches:
Dungeon (13/15) Temple (0/1) D:5 Lair (6/6) D:9 Shoals (0/4) Lair:4 Snake (0/4) Lair:3 Slime (0/5) Lair:5 Orc (2/2) D:10 Elf (0/3) Orc:2 Vaults (0/5) D:12 D:13 Sewer (visited)

Altars:
Gozag
Makhleb
Jiyva

Shops:
D:3 *   D:5 (?   D:12 [   Orc:2 }

Annotations:
D:11 3 runed translucent doors, temujin's ghost, journeyman DEFE
Lair:1 2 runed translucent doors, Phong's ghost, journeyman OpVM
Lair:2 3 runed translucent doors, Utroop's ghost, journeyman FoAK


Innate Abilities, Weirdness & Mutations

You have claws for hands.
A weak demonic guardian rushes to your aid.
You are slightly more attuned to the shadows.
Your movements are significantly less encumbered by armour. (ER -6)


Message History

You kill the iron troll!
Trog accepts your kill.
The troll leather armour is intact enough to wear.
You block the troll's attack. The troll claws you but does no damage.
You block the troll's attack.
Your skin crawls.
You feel resistant to hostile enchantments.
You are feeling hungry.
The troll bites you. You block the troll's attack. x2
An ogre comes into view. It is wielding a +0 giant club.
You claw the troll!
The troll is heavily wounded.
The troll bites your ufetubus!
Your ufetubus dies!
You claw the troll!
The troll is heavily wounded.
The ettin hits you with a +0 dire flail!!!
* * * LOW HITPOINT WARNING * * *
The ettin hits you with a +0 dire flail!!
You die...

,*,,,,,*,*****,** *.##...,,,,,*
,,,,,**,,,**,,,,* ##..<.#,,,,,*
,,,,*,*,,,*,,,,,*####....#*,,,,,*
,,,,,,,,,..,,,,**#......#,*,,,,,,
,,,,,,*,.....,**###....####*,,,,,
,,,,,,,......,*##.........##..,,,
,,,,,,,....#.###.......<......,,,
,,,,,,.........#..##..........,,*
,,,,,,.$.......C@..##.#.......,,*
,,,,,,........TT....###.......,**
,,,,,,....#..#O###.## #.....##**
,,,,,,......#CO.#*##**##.....#***
,,,,,,.....O..O## **,,,.....#,,*
,,,,,,.........#* **,,,,,,,,,,,,,
,,,,,*......$...# *,,,,,,***,,,,,
,,∩,,,.....#.#.##**,,,,,,,**,,,,,
,,,,,,.....#####*,,,,,,,****,,,,,


You could see an ettin, a cyclops, 2 trolls and 3 ogres.

Vanquished Creatures
  Snorg (D:10)
  A centaur warrior (D:13)
  A catoblepas (Lair:5)
  3 hydras
  3 two-headed ogres
  Urug (D:13)
  5 death yaks
  Nergalle (Orc:1)
  An iron troll (Orc:2)
  A swamp dragon (Lair:5)
  A lindwurm (Lair:6)
  3 ugly things (D:13)
  A cyclops (D:13)
  4 centaur zombies
  5 black mambas
  14 elephants
  3 merfolk sirens (Lair:4)
  5 centaur skeletons
  11 spiny frogs
  2 torpor snails
  Maggie (D:8)
  A rime drake (Lair:6)
  10 komodo dragons
  A merfolk (Lair:4)
  3 trolls
  2 hornets (D:12)
  9 blink frogs
  5 hippogriffs
  7 wyverns
  A shadow (D:12)
  35 yaks
  Eustachio (D:8)
  3 basilisks
  15 humans (D:12)
  2 vampire mosquitoes (D:12)
  4 steam dragons
  A hungry ghost (D:9)
  A soldier ant (D:12)
  2 acid dragons
  3 nagas (Lair:3)
  6 water moccasins
  7 porcupines
  A swamp drake (Lair:6)
  2 ice beasts
  3 sky beasts
  11 orc warriors
  A black bear (D:10)
  7 ogres
  3 phantoms
  9 wolves
  14 centaurs
  14 crocodiles
  21 bullfrogs
  3 big kobolds
  6 gnoll sergeants
  A wyvern zombie (D:11)
  A water moccasin zombie (D:8)
  A scorpion (D:5)
  4 killer bees (D:9)
  A water moccasin skeleton (D:6)
  11 wights
  3 electric eels
  A lava snake (Lair:4)
  6 crimson imps
  3 bullfrog zombies
  6 jellies
  A quasit (D:10)
  14 orc priests
  21 orc wizards
  4 hounds
  3 bullfrog skeletons
  5 worker ants
  4 iguanas
  A killer bee zombie (D:6)
  A hound skeleton (D:10)
  2 hound zombies
  Robin (D:3)
  2 worker ant zombies
  17 gnolls
  16 adders
  4 shadow imps
  5 oozes (D:8)
  An adder skeleton (D:9)
  5 worms
  3 dart slugs
  12 leopard geckos
  67 orcs
  5 bats
  15 giant cockroaches
  11 goblins
  10 hobgoblins
  4 jackals
  5 quokkas
  2 ball pythons
  8 frilled lizards
  6 kobolds
  3 leopard gecko skeletons
  A leopard gecko zombie (D:5)
  10 rats
589 creatures vanquished.

Vanquished Creatures (collateral kills)
  Frances (D:13)
  A fire dragon (Lair:6)
  A centaur warrior (D:13)
  A two-headed ogre (D:8)
  Sonja (D:13)
  Pikel (D:4)
  An elephant (Lair:4)
  A spiny frog (Lair:6)
  A komodo dragon (Lair:2)
  A troll (D:11)
  A hippogriff (D:8)
  6 yaks
  A human (D:12)
  2 water moccasins
  2 orc warriors
  A swamp drake (D:9)
  2 slaves (D:4)
  2 black bears
  A phantom (D:8)
  A scorpion (D:4)
  2 orc priests
  5 orc wizards
  A worker ant zombie (D:7)
  2 gnolls (D:3)
  4 orcs
  A giant cockroach (D:6)
  A goblin (D:3)
  A hobgoblin (D:3)
  2 jackals (D:7)
  4 kobolds (D:11)
52 creatures vanquished.

Vanquished Creatures (others)
  An adder (D:4)
  A ball python (D:4)
  3 fungi
  4 plants (Lair:6)
9 creatures vanquished.

Grand Total: 650 creatures vanquished

Notes
Turn   | Place    | Note
-------+----------+-------------------------------------------
     0 | D:1      | Brecoman the Demonspawn Berserker began the quest for the
                  | Orb.
     0 | D:1      | Reached XP level 1. HP: 18/18 MP: 1/1
   312 | D:1      | Gained mutation: Your movements are slightly less
                  | encumbered by armour. (ER -2) [demonic ancestry]
   312 | D:1      | Reached XP level 2. HP: 23/24 MP: 2/2
   773 | D:1      | Gained mutation: A weak demonic guardian rushes to your
                  | aid. [demonic ancestry]
   773 | D:1      | Reached XP level 3. HP: 25/29 MP: 3/3
   819 | D:2      | Reached ** piety under Trog
  1470 | D:3      | Found an opulent altar of Gozag.
  1474 | D:3      | Found Gozag's Platinum Reserve.
  1526 | D:3      | Gained mutation: You have sharp fingernails. [demonic
                  | ancestry]
  1526 | D:3      | Reached XP level 4. HP: 37/37 MP: 4/4
  1758 | D:3      | Noticed Robin
  1784 | D:3      | Killed Robin
  1905 | D:3      | Gained mutation: You have very sharp fingernails. [demonic
                  | ancestry]
  1905 | D:3      | Reached XP level 5. HP: 33/42 MP: 5/5
  2112 | D:4      | Noticed a phantom
  2131 | D:4      | Killed a phantom
  2171 | D:4      | Gained mutation: You have claws for hands. [demonic
                  | ancestry]
  2171 | D:4      | Reached XP level 6. HP: 36/49 MP: 6/6
  2174 | D:4      | Reached *** piety under Trog
  2460 | D:4      | Noticed a slave
  2461 | D:4      | Noticed a slave
  2461 | D:4      | Noticed a slave
  2463 | D:4      | Noticed a slave
  2463 | D:4      | Noticed Pikel
  2465 | D:4      | Noticed an ice beast
  2470 | D:4      | Killed a slave
  2474 | D:4      | Killed a slave
  2494 | D:4      | Killed Pikel
  2494 | D:4      | Reached skill level 2 in Unarmed Combat
  2494 | D:4      | Gained mutation: Your movements are less encumbered by
                  | armour. (ER -4) [demonic ancestry]
  2494 | D:4      | Reached XP level 7. HP: 55/55 MP: 7/7
  2508 | D:4      | Reached skill level 5 in Fighting
  2643 | D:4      | Found a glowing drain.
  2654 | Sewer    | Entered a sewer
  2910 | Sewer    | Reached skill level 3 in Unarmed Combat
  3353 | D:5      | Entered Level 5 of the Dungeon
  3369 | D:5      | Found Teff's Magic Scroll Boutique.
  3626 | D:5      | Gained mutation: Your movements are significantly less
                  | encumbered by armour. (ER -6) [demonic ancestry]
  3626 | D:5      | Reached XP level 8. HP: 51/63 MP: 8/8
  3675 | D:5      | Found a staircase to the Ecumenical Temple.
  3710 | D:4      | Reached skill level 4 in Unarmed Combat
  3830 | D:5      | Found Nifoh's Antique Weapon Shop.
  3897 | D:5      | Reached **** piety under Trog
  4421 | D:5      | Bought a scroll of identify for 22 gold pieces
  4421 | D:5      | Bought a scroll of identify for 22 gold pieces
  4455 | D:6      | Reached skill level 5 in Unarmed Combat
  4620 | D:6      | Reached skill level 5 in Dodging
  4644 | D:6      | Reached skill level 5 in Armour
  4687 | D:6      | Reached XP level 9. HP: 13/71 MP: 9/9
  4701 | D:6      | HP: 3/71 [poisoned by an orc priest]
  4706 | D:6      | HP: 3/71 [poisoned by an orc priest]
  5358 | D:7      | Reached skill level 6 in Unarmed Combat
  5901 | D:8      | Noticed Maggie
  5919 | D:8      | Killed Maggie
  5985 | D:8      | Got a heavily runed leather armour
  5996 | D:8      | Noticed a two-headed ogre
  6022 | D:8      | Killed a two-headed ogre
  6022 | D:8      | Reached skill level 7 in Unarmed Combat
  6022 | D:8      | Reached skill level 1 in Evocations
  6065 | D:8      | Reached ***** piety under Trog
  6087 | D:8      | Noticed Eustachio
  6096 | D:8      | Killed Eustachio
  6109 | D:8      | Reached XP level 10. HP: 56/79 MP: 11/11
  6343 | D:8      | Received a gift from Trog
  6437 | D:9      | Noticed a two-headed ogre
  6483 | D:8      | Killed a two-headed ogre
  6483 | D:8      | Reached skill level 1 in Shields
  7288 | D:9      | Reached skill level 8 in Unarmed Combat
  7587 | D:9      | You fall into a shaft and drop 2 floors!
  7894 | D:11     | Found a runed translucent gate.
  7895 | D:11     | Found a runed translucent gate.
  7896 | D:11     | Found a runed translucent gate.
  7912 | D:11     | You fall into a shaft and drop 1 floor!
  8545 | D:11     | Reached XP level 11. HP: 45/86 MP: 13/13
  8756 | D:10     | Entered Level 10 of the Dungeon
  8771 | D:10     | Received a gift from Trog
  9248 | D:9      | Found a staircase to the Lair.
  9436 | D:10     | Found a staircase to the Orcish Mines.
  9456 | D:10     | Reached skill level 9 in Unarmed Combat
 10096 | D:10     | Noticed a two-headed ogre
 10104 | D:10     | Killed a two-headed ogre
 10498 | D:10     | Noticed Snorg
 10524 | D:10     | Killed Snorg
 11605 | D:11     | Noticed temujin's ghost (journeyman DEFE)
 11677 | D:12     | Reached skill level 5 in Evocations
 11888 | D:12     | Found Misaleuj's Armour Shop.
 11915 | D:12     | Identified the +0 leather armour of the Hanged Man {Dex+2}
                  | (You found it on level 8 of the Dungeon)
 12533 | D:13     | Reached skill level 10 in Unarmed Combat
 12540 | D:13     | Noticed Frances
 12613 | D:12     | Received a gift from Trog
 12615 | D:12     | Reached XP level 12. HP: 94/95 MP: 15/15
 12634 | D:13     | Found a gate to the Vaults.
 12634 | D:13     | Noticed a centaur warrior
 12634 | D:13     | Noticed Urug
 12634 | D:13     | Noticed a two-headed ogre
 13011 | D:13     | Paralysed by a hornet for 1 turns
 13024 | D:12     | Killed a two-headed ogre
 13029 | D:12     | Reached skill level 5 in Shields
 13403 | D:13     | Killed a centaur warrior
 13424 | D:13     | Killed Urug
 13424 | D:13     | Noticed a centaur warrior
 13558 | D:13     | Killed a centaur warrior
 13808 | D:13     | Killed Frances
 14082 | D:13     | Noticed Sonja
 14093 | D:13     | Killed Sonja
 14169 | D:13     | Reached skill level 11 in Unarmed Combat
 14714 | D:13     | Noticed a five-headed hydra
 14743 | D:13     | Killed a five-headed hydra
 15211 | Lair:1   | Entered Level 1 of the Lair of Beasts
 15285 | Lair:1   | Found a large runed translucent door.
 15286 | Lair:1   | Found a large runed translucent door.
 15289 | Lair:1   | Noticed Phong's ghost (journeyman OpVM)
 15911 | Lair:2   | Reached skill level 10 in Fighting
 16081 | Lair:2   | Found a runed translucent gate.
 16082 | Lair:2   | Found a runed translucent gate.
 16082 | Lair:2   | Found a runed translucent gate.
 16084 | Lair:2   | Noticed Utroop's ghost (journeyman FoAK)
 16099 | Lair:2   | Reached XP level 13. HP: 97/103 MP: 16/16
 17366 | Lair:3   | Found a staircase to the Snake Pit.
 18081 | Lair:3   | Received a gift from Trog
 18761 | Lair:4   | Found a staircase to the Shoals.
 19198 | Lair:4   | Reached skill level 12 in Unarmed Combat
 20597 | Lair:5   | Found a staircase to the Slime Pits.
 20597 | Lair:5   | Found a viscous altar of Jiyva.
 21823 | Lair:6   | Entered Level 6 of the Lair of Beasts
 21908 | Lair:5   | Gained mutation: You are slightly more attuned to the
                  | shadows. [demonic ancestry]
 21908 | Lair:5   | Reached XP level 14. HP: 64/111 MP: 17/17
 23069 | Lair:6   | Reached ****** piety under Trog
 23100 | Lair:6   | Reached skill level 13 in Unarmed Combat
 23111 | Lair:6   | Reached skill level 10 in Dodging
 23116 | Lair:6   | Received a gift from Trog
 24252 | Lair:5   | Reached skill level 10 in Armour
 24722 | Orc:1    | Entered Level 1 of the Orcish Mines
 24745 | Orc:1    | Found a burning altar of Makhleb.
 25009 | Orc:1    | Noticed Nergalle
 25031 | Orc:1    | Killed Nergalle
 25229 | Orc:2    | Entered Level 2 of the Orcish Mines
 25280 | Orc:2    | Found Afack's Gadget Boutique.
 25298 | Orc:2    | Mangled by an ettin

Levels and vault maps discovered:
D:1:      scummos_arrival_checkerplants, layout_basic, serial_curves,
          eino_curves_01, eino_curves_03, eino_curves_02, eino_curves_02
D:2:      layout_basic, small_statue_intersection, grunt_decor_one_mirror
D:3:      layout_rooms, nicolae_gozag_zags_fifth_avenue, uniq_robin
D:4:      layout_loops_ring, portal_sewer_entry_b, uniq_pikel
D:5:      layout_basic, minmay_temple_entry_proselytizer, first_ration,
          serial_shops, nicolae_shop_waterfront, shop
D:6:      layout_rooms, minivault_10
D:7:      layout_basic
D:8:      layout_rooms, hangedman_little_slice_of_home, sword_in_stone,
          uniq_maggie
D:9:      layout_long_grid, erik_lair_dragon
D:10:     layout_grid_maze, kennysheep_orc_monster_closet_entryway, uniq_snorg
D:11:     layout_big_octagon, gammafunk_ghost_spectres
D:12:     layout_long_grid, serial_shops, nicolae_shop_trees
D:13:     layout_long_grid, david_vaults_3, st_stairs_14, minivault_1,
          uniq_urug, uniq_sonja, uniq_frances
Lair:1:   wander_river, layout_hall_layers, serial_rivers,
          chequers_serial_rivers_large_a, chequers_serial_rivers_micro_d,
          chequers_serial_rivers_small_b, chequers_serial_rivers_micro_d,
          chequers_serial_rivers_micro_e, chequers_serial_rivers_small_3,
          ebering_ghost_disaster_area
Lair:2:   layout_cave_pods, ebering_ghost_rock_garden, grunt_megastairs_2
Lair:3:   layout_layer_cave, minmay_snake_entry_guardpost_small, st_stairs_6,
          lemuel_fruit_tree, infiniplex_staircase_pool
Lair:4:   layout_gridlike, elwin_shoals_entry_stream, grunt_megastairs_3
Lair:5:   layout_cave_pods, slime_altar_1
Lair:6:   guppyfry_lair_end_dragon, layout_gridlike, grunt_megastairs_4
Orc:1:    layout_caves, basic_altar, uniq_nergalle
Orc:2:    st_orc_open, layout_diamond_mine, gauntlet_entry_generic

Skill      XL: |  1  2  3  4  5  6  7  8  9 10 11 12 13 14 |
---------------+-------------------------------------------+-----
Axes           | 3 4 |  4.0
Dodging        | 2 3 4 5 6 7 8 9 10 | 10.1
Armour         | 2 3 4 5 6 7 8 9 10 | 10.1
Fighting       | 4 5 6 7 8 9 10 11 | 11.3
Unarmed Combat | 2 3 5 7 8 10 11 12 13 | 13.2
Evocations     | 1 3 5 |  5.0
Shields        | 3 4 6 7 8 |  8.0

Action                   |  1- 3 |  4- 6 |  7- 9 | 10-12 | 13-15 || total
-------------------------+-------+-------+-------+-------+-------++-------
Melee: Hand axe          |   123 |   112 |       |       |       ||   235
       Unarmed           |       |    19 |   445 |   874 |   754 ||  2092
       Punch             |       |       |     9 |       |       ||     9
Invok: Berserk           |     2 |       |     2 |     3 |       ||     7
       Trog's Hand       |       |     1 |     7 |    11 |     8 ||    27
       Brothers in Arms  |       |       |       |     5 |     1 ||     6
Evoke: Wand              |       |       |       |     1 |     3 ||     4
  Use: Scroll            |       |       |    11 |    10 |     5 ||    26
       Potion            |       |       |       |       |     2 ||     2
 Stab: Sleeping          |     2 |     1 |       |       |     1 ||     4
       Distracted        |       |     1 |     1 |     6 |     6 ||    14
       Confused          |       |       |       |       |     1 ||     1
  Eat: Chunk             |     4 |     4 |    16 |    30 |    29 ||    83
       Ration            |       |       |       |     4 |     1 ||     5
Armor: Animal skin       |    17 |       |       |       |       ||    17
       Leather armour    |    29 |    17 |       |       |       ||    46
       Plate armour      |       |    56 |   235 |   381 |    56 ||   728
       Swamp dragon scal |       |       |       |     9 |   167 ||   176
       Skin              |       |       |       |       |    53 ||    53
Dodge: Dodged            |    86 |    85 |   229 |   388 |   453 ||  1241
Block: Kite shield       |       |       |    11 |   462 |   471 ||   944

Table legend:
 A = Non-vault XP
 B = Vault XP
 C = Vault XP percentage of total XP
 D = Non-vault monster count
 E = Vault monster count
 F = Vault count percentage of total count
                 A         B        C        D         E       F
            +---------+---------+-------+---------+---------+-------
      Total |   56355 |   27503 |  32.8 |     495 |     144 |  22.5
            +---------+---------+-------+---------+---------+-------
        D:1 |      41 |       0 |   0.0 |      27 |       0 |   0.0
        D:2 |      53 |       0 |   0.0 |      17 |       0 |   0.0
        D:3 |      83 |      35 |  29.7 |      14 |      12 |  46.2
        D:4 |     393 |     367 |  48.3 |      16 |       3 |  15.8
        D:5 |    1041 |       0 |   0.0 |      29 |       0 |   0.0
        D:6 |     650 |       0 |   0.0 |      22 |       0 |   0.0
        D:7 |    1004 |       0 |   0.0 |      39 |       0 |   0.0
        D:8 |    1570 |     914 |  36.8 |      14 |      13 |  48.1
        D:9 |    2265 |    1142 |  33.5 |      40 |      11 |  21.6
       D:10 |    3221 |    1745 |  35.1 |      19 |      16 |  45.7
       D:11 |    2676 |       0 |   0.0 |      34 |       0 |   0.0
       D:12 |    3333 |    4017 |  54.7 |      29 |      18 |  38.3
       D:13 |    6790 |    3984 |  37.0 |      41 |       5 |  10.9
     Lair:1 |    1079 |       0 |   0.0 |       6 |       0 |   0.0
     Lair:2 |    3061 |     330 |   9.7 |      14 |       2 |  12.5
     Lair:3 |    3413 |     850 |  19.9 |      19 |       4 |  17.4
     Lair:4 |    7588 |    2091 |  21.6 |      26 |       6 |  18.8
     Lair:5 |    9521 |    4570 |  32.4 |      36 |      10 |  21.7
     Lair:6 |    7053 |    5641 |  44.4 |      22 |      23 |  51.1
      Orc:1 |    1520 |     810 |  34.8 |      31 |       1 |   3.1
      Orc:2 |       0 |     773 | 100.0 |       0 |       1 | 100.0
      Sewer |       0 |     234 | 100.0 |       0 |      19 | 100.0
            +---------+---------+-------+---------+---------+-------
